 Dungeon Crawl Stone Soup version 0.27-a0-1416-g941b2bd30b (webtiles) character file.

Game seed: 7743316340498210338

207 ipx the Conjurer (level 5, -2/28 HPs)
             Began as a Deep Elf Fire Elementalist on July 1, 2021.
             Was a Follower of Ashenzari.
             Slain by a shadow (13 damage)
             ... on level 5 of the Dungeon.
             The game lasted 00:21:45 (1286 turns).

ipx the Conjurer (Deep Elf Fire Elementalist)       Turns: 1286, Time: 00:21:46

Health: -2/28      AC:  3    Str:  5    XL:     5   Next: 54%
Magic:  4/11       EV: 12    Int: 21    God:    Ashenzari [*.....]
Gold:   106        SH:  0    Dex: 15    Spells: 1/10 levels left

rFire    . . .     SeeInvis .   f - +0 mace
rCold    . . .     Faith    .   (no shield)
rNeg     . . .     Spirit   .   a - +0 robe of the Wild Blue Yonder {Elem, Melee} (curse)
rPois    .         Reflect  .   h - +0 helmet
rElec    .         Harm     .   (no cloak)
rCorr    .         Rampage  .   (no gloves)
Will     .....                  (no boots)
Stlth    ++........             R - amulet "Sun of the Astral Seer" {Regen+, Melee, Elem} (curse)
HPRegen  1.09/turn              (no ring)
MPRegen  0.12/turn              (no ring)

@: no status effects
A: no striking features
a: Renounce Religion, Shatter the Chains


You were on level 5 of the Dungeon.
You worshipped Ashenzari.
Ashenzari was aware of your devotion.
You visited 1 branch of the dungeon, and saw 5 of its levels.

You collected 106 gold pieces.

Inventory:

Hand Weapons
 f - a +0 mace (weapon)
Missiles
 d - 32 poisoned darts (quivered)
 g - a throwing net
Armour
 a - the cursed +0 robe of the Wild Blue Yonder (worn) {Elem, Melee}

   It has a curse which improves the following skills: Elements: Fire Magic, Ice
   Magic, Air Magic and Earth Magic.
   Melee Combat: Short Blades, Long Blades, Axes, Maces & Flails, Polearms,
   Staves and Unarmed Combat.
 h - a +0 helmet (worn)
 l - a +0 buckler
 m - a +0 helmet
Jewellery
 R - the cursed amulet "Sun of the Astral Seer" (around neck) {Regen+, Melee, Elem}
   (You found it on level 2 of the Dungeon)

   [amulet of regeneration]

   Regen:     It increases your rate of health regeneration.
   It has a curse which improves the following skills: Melee Combat: Short
   Blades, Long Blades, Axes, Maces & Flails, Polearms, Staves and Unarmed
   Combat.
   Elements:  Fire Magic, Ice Magic, Air Magic and Earth Magic.
Scrolls
 c - a scroll of silence
 e - a scroll of holy word
 i - a scroll of enchant weapon
Potions
 b - a potion of might
 j - a potion of haste
 k - a potion of brilliance
 n - a potion of curing


   Skills:
 - Level 2.4 Dodging
 - Level 3.0 Stealth
 + Level 0.8 Shields
 - Level 3.0 Spellcasting
 * Level 4.7 Conjurations
 + Level 4.6(6.2) Fire Magic


You had one spell level left.
You knew the following spells:

 Your Spells              Type           Power      Damage    Failure   Level
a - Apportation           Tloc           6%         N/A       13%         1
c - Conjure Flame         Conj/Fire      26%        6-21      4%          3
t - Sticky Flame          Conj/Fire      26%        2d5       14%         4
x - Foxfire               Conj/Fire      100%       2x1d9     1%          1

Your spell library contained the following spells:

 Spells                   Type           Power      Damage    Failure   Level
 Inner Flame              Hex/Fire       16%        N/A       11%         3
 Ignite Poison            Fire/Tmut/Pois 11%        N/A       17%         3
 Summon Guardian Golem    Hex/Summ       3%         N/A       36%         3
 Fireball                 Conj/Fire      13%        3d7       36%         5
 Iskenderun's Mystic Bla  Conj/Tloc      13%        2d5       45%         4
 Orb of Destruction       Conj           11%        9d5       100%        7
 Spellforged Servitor     Conj/Summ      6%         N/A       100%        7
 Disjunction              Tloc           1%         N/A       100%        8


Dungeon Overview and Level Annotations

Branches:
Dungeon (5/15)
 Temple: D:4-7

Altars:
Ashenzari

Shops:
D:4 =


Message History

You conjure some foxfire!
The shadow slips into darkness.
The shadow flickers and vanishes!
Deactivating autopickup; reactivate with Ctrl-A.
Casting: Foxfire (safe; 1% risk of failure)
Confirm with . or Enter, or press ? or * to list all spells.
You conjure some foxfire!
The foxfire hits something.
Casting: Foxfire (safe; 1% risk of failure)
Confirm with . or Enter, or press ? or * to list all spells.
You conjure some foxfire!
The foxfire hits something.
The foxfire hits something but does no damage.
Casting: Foxfire (safe; 1% risk of failure)
Confirm with . or Enter, or press ? or * to list all spells.
You conjure some foxfire!
The foxfire hits something.
The foxfire hits something but does no damage.
Casting: Foxfire (safe; 1% risk of failure)
Confirm with . or Enter, or press ? or * to list all spells.
You conjure some foxfire!
The foxfire hits something. x3
Casting: Foxfire (safe; 1% risk of failure)
Confirm with . or Enter, or press ? or * to list all spells.
You conjure some foxfire!
The foxfire hits something but does no damage. x2
The foxfire hits something but does no damage. x2
The shadow strikes at you from the darkness!
Ouch! That really hurt!
* * * LOW HITPOINT WARNING * * *
Reactivating autopickup.
Casting: Foxfire (safe; 1% risk of failure)
Confirm with . or Enter, or press ? or * to list all spells.
You conjure some foxfire!
The shadow slips into darkness.
The shadow flickers and vanishes!
Deactivating autopickup; reactivate with Ctrl-A.
The foxfire hits something.
The foxfire hits something but does no damage.
Casting: Foxfire (safe; 1% risk of failure)
Confirm with . or Enter, or press ? or * to list all spells.
You conjure some foxfire!
The shadow strikes at you from the darkness!
You die...

#..#...#
#..#...#
#..#<#
#....#
###.#.#
#...#.#
#...#.#
+.v{+..
#.v@#..
........#...
############


There were no monsters in sight!

Vanquished Creatures
  A howler monkey (D:4)
  An iguana (D:4)
  4 gnolls (D:3)
  4 adders
  2 worms (D:2)
  A dart slug (D:4)
  6 endoplasms
  A giant cockroach (D:2)
  12 goblins
  3 hobgoblins
  4 jackals (D:4)
  A quokka (D:4)
  7 ball pythons
  5 bats
  2 kobolds (D:3)
  4 rats
58 creatures vanquished.

Vanquished Creatures (others)
  161 foxfires
  20 plants (D:2)
181 creatures vanquished.

Grand Total: 239 creatures vanquished

Notes
Turn   | Place    | Note
-------+----------+-------------------------------------------
     0 | D:1      | ipx the Deep Elf Fire Elementalist began the quest for the
                  | Orb.
     0 | D:1      | Reached XP level 1. HP: 10/10 MP: 6/6
   129 | D:1      | Reached XP level 2. HP: 15/15 MP: 1/8
   283 | D:2      | Found a broken altar of Ashenzari.
   294 | D:2      | Became a worshipper of Ashenzari the Shackled
   299 | D:2      | Reached XP level 3. HP: 19/19 MP: 4/9
   303 | D:2      | Learned a level 3 spell: Conjure Flame
   643 | D:3      | Reached XP level 4. HP: 24/24 MP: 6/10
   800 | D:2      | Learned a level 4 spell: Sticky Flame
   953 | D:3      | Reached * piety under Ashenzari
   955 | D:3      | Found a faded altar of an unknown god.
  1035 | D:4      | Found Akhlomayx's Jewellery Emporium.
  1090 | D:4      | Reached XP level 5. HP: 28/28 MP: 6/11
  1158 | D:4      | Identified the Compendium of Dislocation
  1165 | D:4      | Learned a level 1 spell: Apportation
  1272 | D:5      | Entered Level 5 of the Dungeon
  1272 | D:5      | Noticed a shadow
  1286 | D:5      | Slain by a shadow

Illustrated notes

Levels and vault maps discovered:
D:1:      erik_arrival_triangle_large, layout_basic, minivault_4
D:2:      layout_basic, serial_bayou, serial_bayou_ford_a, serial_bayou_shore_a,
          serial_bayou_lagoon_a, serial_bayou_lake_a, basic_altar,
          minmay_misc_feat_diagonals, chequers_serial_rivers_micro_b,
          minmay_crystal_water, amethyst_killhole,
          ebering_dispersal_statue_hall, corner_web_ring
D:3:      layout_rooms, hellmonk_ecumenical_altar_crossroads
D:4:      layout_loops_cross, nicolae_overflow_hidden_temple, serial_shops,
          nicolae_square_shop
D:5:      layout_basic, minmay_misc_feat_four_crosses, minmay_stone_trees_small,
          kennysheep_nub, uniq_sigmund, uniq_pikel

Skill      XL: |  1  2  3  4 |
---------------+-------------+-----
Conjurations   | 2 3 4 |  4.7
Stealth        | 3 |  3.0
Fire Magic     | 4 |  4.6
Dodging        | |  2.4
Shields        | |  0.8
Spellcasting   | |  3.0

Action                   |  1- 3 |  4- 6 || total
-------------------------+-------+-------++-------
Melee: Unarmed           |     1 |       ||     1
       Mace              |       |     1 ||     1
Throw: Dart              |       |     3 ||     3
 Cast: Foxfire           |    44 |    50 ||    94
Invok: Curse Item        |     1 |     1 ||     2
 Stab: Sleeping          |       |     1 ||     1
Armor: Robe              |     1 |     2 ||     3
Dodge: Dodged            |     5 |     6 ||    11

Table legend: (Time is in decaauts)
 A = Elapsed time spent in this place.
 B = Non-inter-level travel time spent in this place.
 C = Inter-level travel time spent in this place.
 D = Time resting spent in this place.
 E = Time spent auto-exploring this place.
 F = Levels seen in this place.
 G = Mean time per level.
                   A        B        C        D        E       F      G
               +--------+--------+--------+--------+--------+-----+--------+
         Total |   1300 |   1268 |     32 |      0 |      0 |   5 |  260.0 |
       Dungeon |   1300 |   1268 |     32 |      0 |      0 |   5 |  260.0 |
               +--------+--------+--------+--------+--------+-----+--------+

Top non-repeatable levels by time:
     D:2: 437 daAuts
     D:1: 310 daAuts
     D:3: 290 daAuts
     D:4: 247 daAuts
     D:5: 13 daAuts
